 Dungeon Crawl Stone Soup version 0.31-a0-1612-g4aaf141004 (webtiles) character file.

Game seed: 15759857438830517383

5556 Bnni the Spear-Bearer (level 11, 0/89 HPs)
             Began as a Formicid Fighter on Jan 9, 2024.
             Was a Follower of Yredelemnul.
             Slain by a yak (3 damage)
             ... on level 9 of the Dungeon.
             The game lasted 00:25:48 (7894 turns).

Bnni the Spear-Bearer (Formicid Fighter)            Turns: 7894, Time: 00:25:48

Health: 0/89       AC: 13    Str: 31    XL:     11   Next: 2%
Magic:  0/17       EV:  7    Int:  9    God:    Yredelemnul [*.....]
Gold:   261        SH:  5    Dex: 13    Spells: 9/10 levels left

rFire   . . .        I - -1 glaive (venom)
rCold   + . .        c - +0 buckler
rNeg    . . .        s - +0 plate armour
rPois   .            (helmet unavailable)
rElec   .            D - +0 cloak {Stlth+}
rCorr   +            (no gloves)
SInv    +            n - +0 pair of boots
Will    +....        h - amulet of guardian spirit Stlth
                     H - ring "Qyjatz" {rC+ Str+7}
HPRegen 0.34/turn    u - ring of resist corrosion
MPRegen 0.15/turn

%: guardian spirit
@: no status effects
A: permanent stasis, dig shafts and tunnels, antennae 3, four strong arms
a: Dig, Shaft Self, Renounce Religion, Recall Undead Harvest


You were on level 9 of the Dungeon.
You worshipped Yredelemnul.
Yredelemnul was aware of your devotion.
You visited 2 branches of the dungeon, and saw 10 of its levels.
You also visited: Sewer.

You collected 303 gold pieces.
You spent 42 gold pieces at shops.

Inventory:

Hand Weapons
 A - a +2 trident of draining
 I - a -1 glaive of venom (weapon)
Armour
 c - a +0 buckler (worn)
 n - a +0 pair of boots (worn)
 s - a +0 plate armour (worn)
 D - a +0 cloak of stealth (worn)
Jewellery
 h - an amulet of guardian spirit (around neck)
 q - a ring of willpower
 u - a ring of resist corrosion (right hand)
 H - the ring "Qyjatz" (left hand) {rC+ Str+7}
   (You found it on level 8 of the Dungeon)

   [ring of protection from cold]

   Str+7:     It affects your strength (+7).
   rC+:       It protects you from cold.
Wands
 a - a wand of roots (5)
 y - a wand of mindburst (9)
 E - a wand of digging (3)
 G - a wand of polymorph (7)
Scrolls
 b - a scroll of amnesia
 e - 2 scrolls of poison
 j - 2 scrolls of revelation
 l - a scroll of fog
 m - 2 scrolls of immolation
 v - a scroll of summoning
 w - 2 scrolls of silence
 B - a scroll of vulnerability {unknown}
 C - a scroll of brand weapon
Potions
 d - 2 potions of cancellation {unknown}
 f - 2 potions of invisibility {unknown}
 g - a potion of ambrosia {unknown}
 i - 2 potions of heal wounds
 k - 2 potions of curing
 o - 5 potions of haste {unknown}
 p - a potion of resistance {unknown}
 r - a potion of mutation {unknown}
 t - 2 potions of attraction {unknown}
 x - a potion of experience {unknown}
 z - 3 potions of magic {unknown}
 F - a potion of enlightenment {unknown}


   Skills:
 + Level 9.3 Fighting
 * Level 11.5 Polearms
 - Level 3.2 Armour
 - Level 5.0 Shields
 + Level 8.4 Invocations


You had 9 spell levels left.
You knew the following spells:

 Your Spells              Type           Power      Damage    Failure   Level
z - Apportation           Tloc           0%         N/A       99%         1

Your spell library contained the following spells:

 Spells                   Type           Power      Damage    Failure   Level
 Sandblast                Erth           0%         2d4       99%         1
 Jinxbite                 Hex            0%         N/A       100%        2
 Inner Flame              Hex/Fire       0%         N/A       100%        3
 Passwall                 Erth           0%         N/A       100%        3
 Stone Arrow              Conj/Erth      0%         3d7       100%        3
 Airstrike                Air            0%         2d(0-16)  100%        4
 Brom's Barrelling Bould  Conj/Erth      0%         2d3       100%        4
 Flame Wave               Conj/Fire      0%         2d4       100%        4
 Passage of Golubria      Tloc           0%         N/A       100%        4
 Sticky Flame             Fire/Alch      0%         2d4       100%        4
 Alistair's Intoxication  Alch           0%         N/A       100%        5
 Iskenderun's Battlesphe  Conj           0%         2d6       100%        5
 Bombard                  Conj/Erth      0%         9d1       100%        6
 Spellforged Servitor     Conj/Summ      0%         N/A       100%        7
 Chain Lightning          Conj/Air       0%         N/A       100%        9
 Fire Storm               Conj/Fire      0%         5d1       100%        9
 Shatter                  Erth           0%         3d5*      100%        9


Dungeon Overview and Level Annotations

Branches:
Dungeon (9/15)             Temple (1/1) D:5           Sewer (visited)
   Lair: D:8-11         Orc: D:9-12

Altars:
Ashenzari
Cheibriados
Dithmenos
Elyvilon
Fedhas
Gozag
Hepliaklqana
Makhleb
Nemelex Xobeh
Okawaru
Qazlal
Ru
Sif Muna
Trog
Uskayaw
Vehumet
Wu Jian
Xom
Yredelemnul
Zin
The Shining One

Shops:
D:2 ?

Annotations:
D:6 koorschki's ghost, novice MiSh


Innate Abilities, Weirdness & Mutations

You cannot be hasted, slowed, berserked, paralysed or teleported.
You can dig through walls and to a lower floor.
You have a pair of large antennae on your head. (SInv)
Your four strong arms can wield two-handed weapons with a shield.


Message History

Unknown command.
You slice the yak!!
You kill the yak!
The dead are walking!
The yak barely misses you. The yak gores you!
* * * LOW HITPOINT WARNING * * *
Unknown command.
You slash the yak!
The yak is poisoned.
The yak is lightly wounded.
The yak barely misses you. x2; The yak gores you but does no damage.
Unknown command.
The yak attacks as it pursues you! The yak closely misses you.
You hit the yak but do no damage. The yak gores you but does no damage.
Unknown command.
You closely miss the yak.
Your yak zombie gores the yak.
Unknown command.
You slice the yak!!
The yak looks as sick as possible!
The yak is almost dead.
You kill the yak!
The yak closely misses you.
You have reached level 11!
You slash the yak!
The yak is moderately wounded.
The yak gores you!
* * * LOW HITPOINT WARNING * * *
You block the yak's attack.
Your yak zombie gores the yak.
Unknown command.
You closely miss the yak.
The yak is lightly wounded.
The yak gores you!
* * * LOW HITPOINT WARNING * * *
You block the yak's attack.
Your yak zombie gores the yak!
Unknown command.
Okay, then.
You slash the yak!
The yak looks as sick as possible!
The yak is severely wounded.
The yak barely misses you. The yak gores you!
* * * LOW HITPOINT WARNING * * *
The yak gores you.
You die...
Your body rises from the dead as a mindless zombie.

###.....
#......# ###
#......+ ...
#......# ..
#......# ..
#......#### .#
#.........###.#
#.<......YYZ..#
#........@#...#
#....)....#..Z+
#..)))....#...#
#.........#...#
#.........#...#
#.........#...#
#.........#...#
#.........#....
#.........#.....


You could see 2 yaks and a friendly yak zombie.

Vanquished Creatures
  A two-headed ogre (D:8)
  Joseph (D:7)
  Jeremiah (D:6)
  3 yaks (D:9)
  Grum (D:8)
  A wyvern (D:7)
  Menkaure (D:7)
  An acid dragon (D:8)
  A water moccasin (D:7)
  2 ice beasts
  A sky beast (D:7)
  A black bear (D:6)
  An ogre (D:5)
  3 centaurs
  2 wolves (D:8)
  2 kobold brigands (D:6)
  A bullfrog (D:8)
  3 scorpions
  6 wights
  10 killer bees
  4 jellies
  Crazy Yiuf (D:7)
  A bombardier beetle (D:5)
  5 hounds
  3 orc priests
  2 sleepcaps
  2 iguanas
  4 orc wizards
  16 adders
  5 river rats
  3 shadow imps
  2 white imps
  2 dart slugs
  5 ribbon worms
  22 orcs
  10 ball pythons
  12 endoplasms
  3 giant cockroaches
  7 hobgoblins
  13 jackals
  3 quokkas
  6 bats
  4 frilled lizards
  5 goblins
  8 kobolds
  14 rats
205 creatures vanquished.

Vanquished Creatures (collateral kills)
  Duvessa (D:7)
  A bullfrog (D:8)
  A wight (D:8)
  Dowan (D:7)
  2 jellies (Sewer)
  An iguana (D:5)
  An adder (D:5)
  An orc (D:5)
  4 endoplasms (Sewer)
  2 frilled lizards (Sewer)
  A rat (D:5)
16 creatures vanquished.

Vanquished Creatures (others)
  A centaur zombie (D:8)
  A scorpion zombie (D:5)
  3 killer bee zombies
  An adder zombie (D:6)
  A jelly zombie (D:6)
  A spectral shadow imp (D:6)
  An endoplasm zombie (Sewer)
  2 frilled lizard zombies (Sewer)
  2 jackal zombies (D:5)
  13 orc zombies
  2 rat zombies (Sewer)
  A river rat zombie (D:5)
29 creatures vanquished.

Grand Total: 250 creatures vanquished

Notes
Turn   | Place    | Note
-------+----------+-------------------------------------------
     0 | D:1      | Bnni the Formicid Fighter began the quest for the Orb.
     0 | D:1      | Reached XP level 1. HP: 18/18 MP: 1/1
    82 | D:1      | Reached XP level 2. HP: 21/24 MP: 2/2
   140 | D:1      | Found a faded altar of an unknown god.
   161 | D:1      | Reached XP level 3. HP: 29/29 MP: 3/3
   436 | D:1      | Reached skill level 3 in Polearms
   767 | D:2      | Reached XP level 4. HP: 27/37 MP: 4/4
  1121 | D:2      | Found Uddiddit's Magic Scroll Emporium.
  1127 | D:2      | Bought a scroll of identify for 28 gold pieces
  1127 | D:2      | Bought a scroll of noise for 14 gold pieces
  1546 | D:3      | Reached XP level 5. HP: 40/40 MP: 3/5
  2349 | D:4      | Reached skill level 4 in Polearms
  2349 | D:4      | Reached skill level 5 in Shields
  2476 | D:4      | Reached XP level 6. HP: 19/49 MP: 2/6
  2954 | D:4      | Reached skill level 5 in Polearms
  3324 | D:5      | Entered Level 5 of the Dungeon
  3331 | D:5      | Reached skill level 5 in Fighting
  3348 | D:5      | Found a staircase to the Ecumenical Temple.
  3357 | Temple   | Entered the Ecumenical Temple
  3379 | Temple   | Became a worshipper of Yredelemnul the Dark
  3428 | D:5      | Reached XP level 7. HP: 42/52 MP: 4/7
  3450 | D:5      | Reached * piety under Yredelemnul
  3468 | D:5      | Reached skill level 1 in Invocations
  3530 | D:5      | Reached skill level 6 in Polearms
  3597 | D:5      | Found a glowing drain.
  3602 | Sewer    | Entered a sewer
  3687 | Sewer    | Reached ** piety under Yredelemnul
  3788 | Sewer    | Reached XP level 8. HP: 63/64 MP: 9/9
  3803 | Sewer    | Found a viscous altar of Jiyva.
  4568 | D:6      | Reached skill level 7 in Polearms
  4607 | D:6      | Found a runed translucent gate.
  4611 | D:6      | Found a runed translucent gate.
  4611 | D:6      | Noticed koorschki's ghost (novice MiSh)
  4640 | D:6      | Noticed Jeremiah
  4655 | D:6      | Killed Jeremiah
  4813 | D:6      | Got the Information on Ouranomancy and the Voyage
  4823 | D:6      | Reached XP level 9. HP: 71/71 MP: 12/12
  4839 | D:6      | Reached skill level 8 in Polearms
  4991 | D:6      | Found a runed translucent gate.
  5053 | D:6      | Learned a level 1 spell: Apportation
  5206 | D:6      | Found a burning altar of Makhleb.
  5206 | D:6      | Found a snail-covered altar of Cheibriados.
  5263 | D:6      | Reached skill level 5 in Invocations
  5610 | D:6      | You fall into a shaft and drop 3 floors!
  5826 | D:7      | Reached skill level 9 in Polearms
  5832 | D:7      | Found a shimmering altar of Xom.
  5832 | D:7      | Found a white marble altar of Elyvilon.
  5843 | D:7      | Noticed Joseph
  5857 | D:7      | Killed Joseph
  5940 | D:7      | Noticed Menkaure
  5948 | D:7      | Killed Menkaure
  5949 | D:7      | Reached XP level 10. HP: 73/80 MP: 14/14
  6359 | D:7      | Reached *** piety under Yredelemnul
  6360 | D:7      | Reached skill level 10 in Polearms
  6376 | D:7      | Noticed Duvessa
  6377 | D:7      | Noticed Dowan
  6390 | D:7      | Killed Duvessa
  6396 | D:7      | Killed Dowan
  6446 | D:7      | Identified the +0 sling "Defeice" {speed, Fly Dex+2}
  6602 | D:7      | Found a runed translucent door.
  6603 | D:7      | Noticed Crazy Yiuf
  6611 | D:7      | Killed Crazy Yiuf
  7368 | D:8      | Noticed a two-headed ogre
  7382 | D:8      | Killed a two-headed ogre
  7383 | D:8      | Reached skill level 11 in Polearms
  7539 | D:8      | Identified the ring "Qyjatz" {rC+ Str+7}
  7550 | D:8      | Noticed Grum
  7570 | D:8      | Killed Grum
  7774 | D:8      | Found a shadowy altar of Dithmenos.
  7779 | D:8      | Found a bloodstained altar of Trog.
  7779 | D:8      | Found an ornate altar of the Wu Jian Council.
  7790 | D:8      | Found a broken altar of Ashenzari.
  7793 | D:8      | Found a sparkling altar of Nemelex Xobeh.
  7892 | D:9      | Reached XP level 11. HP: 25/89 MP: 5/17
  7894 | D:9      | HP: 3/89 [yak (9)]
  7894 | D:9      | Slain by a yak

Illustrated notes

Levels and vault maps discovered:
D:1:      ncdulo_halloftheorcs, layout_basic,
          shapermc_ecumenical_altar_starsandcircs, minmay_tetromino_i4
D:2:      layout_rooms, serial_shops, nicolae_shop_real_fake_doors
D:3:      layout_basic, serial_park_tiny_pond
D:4:      layout_basic, saegor_snake_ambush
D:5:      layout_cave_pools, minmay_temple_entry_antechambers,
          lightli_sewer_entry_pipes, serial_bayou_crossing
D:6:      layout_loops_ring, gammafunk_temple_overflow_statue,
          gammafunk_ghost_nasty_kobolds, uniq_jeremiah
D:7:      layout_basic, mainiacjoe_overflow_divided_tiny,
          uniq_crazy_yiuf_cottage, uniq_menkaure, uniq_duvessa, uniq_joseph
D:8:      layout_gridville, minmay_overflow_temple_star_hex, uniq_grum
D:9:      hangedman_cross_cluster, layout_gridville
Temple:   minmay_temple_forest_path

Skill      XL: |  1  2  3  4  5  6  7  8  9 10 |
---------------+-------------------------------+-----
Polearms       | 3 4 5 6 7 9 11 | 11.5
Fighting       | 4 5 6 7 9 |  9.3
Shields        | 5 |  5.0
Invocations    | 2 4 6 8 |  8.4
Armour         | |  3.2

Action                     |  1- 3 |  4- 6 |  7- 9 | 10-12 || total
---------------------------+-------+-------+-------+-------++-------
  Melee: Trident           |   141 |   130 |   317 |   128 ||   716
         Whip              |       |   108 |       |       ||   108
         Glaive            |       |       |       |    24 ||    24
 Invoke: Recall Undead Har |       |       |     1 |     2 ||     3
         Dark Bargain      |       |       |       |     1 ||     1
Ability: Dig               |       |     2 |     1 |     1 ||     4
         Shaft Self        |       |       |     1 |       ||     1
  Evoke: Wand              |       |       |       |     7 ||     7
    Use: Scroll            |       |     5 |     2 |     6 ||    13
         Potion            |       |       |     4 |     1 ||     5
   Stab: Distracted        |       |       |     4 |     1 ||     5
 Armour: Scale mail        |    72 |    97 |       |       ||   169
         Chain mail        |       |    30 |   109 |       ||   139
         Plate armour      |       |       |    62 |   113 ||   175
  Dodge: Dodged            |    59 |    81 |    87 |    44 ||   271
  Block: Buckler           |    33 |    42 |    51 |    28 ||   154

Table legend: (Time is in decaauts)
 A = Elapsed time spent in this place.
 B = Non-inter-level travel time spent in this place.
 C = Inter-level travel time spent in this place.
 D = Time resting spent in this place.
 E = Time spent auto-exploring this place.
 F = Levels seen in this place.
 G = Mean time per level.
                   A        B        C        D        E       F      G
               +--------+--------+--------+--------+--------+-----+--------+
         Total |   8007 |   7468 |    539 |    493 |   5029 |  11 |  727.9 |
       Dungeon |   7673 |   7176 |    497 |    493 |   4894 |   9 |  852.6 |
        Temple |     44 |      2 |     42 |      0 |      0 |   1 |   44.0 |
         Sewer |    288 |    288 |      0 |      0 |    134 |   1 |  288.0 |
               +--------+--------+--------+--------+--------+-----+--------+

Top non-repeatable levels by time:
     D:7: 1127 daAuts
     D:4: 1054 daAuts
     D:6: 1045 daAuts
     D:3: 1016 daAuts
     D:5: 972 daAuts
     D:8: 876 daAuts
     D:1: 728 daAuts
     D:2: 601 daAuts
   Sewer: 288 daAuts
     D:9: 250 daAuts
  Temple: 44 daAuts
